 Dungeon Crawl Stone Soup version 0.23.2-1-ga50397a6bc (webtiles) character file.

Game seed: 14017183158557767225

30 Gordogan the Ruffian (level 3, -2/31 HPs)
             Began as a Ghoul Berserker on May 4, 2019.
             Was a Believer of Trog.
             Slain by a goblin
             ... wielding a +0 club
             ... led by Robin
              (3 damage)
             ... on level 2 of the Dungeon.
             The game lasted 00:08:10 (591 turns).

Gordogan the Ruffian (Ghoul Berserker)               Turns: 591, Time: 00:08:11

Health: -2/31      AC:  2    Str: 20    XL:     3   Next: 20%
Magic:  2/2        EV: 12    Int:  3    God:    Trog [**....]
Gold:   54         SH:  0    Dex:  8    Spells: 2/2 levels left

rFire    . . .     SeeInvis .     - Unarmed
rCold    + . .     Gourm    .   (no shield)
rNeg     + + +     Faith    .   a - +0 animal skin
rPois    ∞         Spirit   .   (no helmet)
rElec    .         Reflect  .   (no cloak)
rCorr    .         Harm     .   (no gloves)
MR       .....                  (no boots)
Stlth    +.........             (no amulet)
HPRegen  0.00/turn              (no ring)
MPRegen  0.08/turn              (no ring)

@: rotting
A: rotting body, claws 1, carnivore, cold resistance 1, negative energy
resistance 3, inhibited regeneration, torment resistance, unbreathing
a: Trog's Hand, Renounce Religion


You were on level 2 of the Dungeon.
You worshipped Trog.
Trog was pleased with you.
You were not hungry.

You visited 1 branch of the dungeon, and saw 2 of its levels.

You collected 54 gold pieces.

Inventory:

Missiles
 c - 7 stones (quivered)
Armour
 a - a +0 animal skin (worn)
Jewellery
 d - an uncursed amulet of regeneration {unknown}
Potions
 e - a potion of haste {unknown}
 g - a potion of curing {unknown}
 i - a potion of lignification {unknown}
Comestibles
 b - 2 rations
 f - 9 chunks of flesh


   Skills:
 + Level 3.6 Fighting
 + Level 0.3 Throwing
 + Level 1.9 Armour
 + Level 1.9 Dodging
 + Level 0.7 Stealth
 + Level 4.0 Unarmed Combat


You had 2 spell levels left.
You didn't know any spells.
Your spell library was empty.

Dungeon Overview and Level Annotations

Branches:
Dungeon (1/15)

Altars:

Annotations:
D:2 Robin


Innate Abilities, Weirdness & Mutations

Your body is rotting away.
You thrive on raw meat.
You are immune to poison.
You have sharp fingernails.
You are carnivorous and can eat meat at any time.
Your flesh is cold resistant. (rC+)
You are immune to negative energy. (rN+++)
You do not regenerate when monsters are visible.
You are immune to unholy pain and torment.
You can survive without breathing.


Message History

* * * LOW HITPOINT WARNING * * *
You closely miss the goblin. The goblin closely misses you.
The goblin misses you.
You claw the goblin!
You kill the goblin!
Trog accepts your kill.
Your Unarmed Combat skill increases to level 4!
The goblin hits you with a +0 club.
* * * LOW HITPOINT WARNING * * *
The goblin hits you with a +0 club.
* * * LOW HITPOINT WARNING * * *
A goblin comes into view. It is wielding a +0 dagger.
The goblin moves out of view.
You scratch the goblin.
The goblin is moderately wounded.
You closely miss the goblin.
The goblin is moderately wounded.
A bat comes into view.
The goblin hits you with a +0 club.
You die...

#### #... #.....# #.#
.....##.###.###.####.#
#........(........#
####.###.###.###### #.#
#.....# #.# ####### #.#
#.#########
#######.##..@gg.#
#.......##.####g######
#.......÷..#..g.g....#
###.#####÷#..#.g...###.#
.........)...).....#
###.....g....#.^...#
#.####...#.......# #
##.########## ...#


You could see Robin, a hobgoblin and a goblin.

Vanquished Creatures
  2 dart slugs (D:1)
  7 bats
  2 goblins (D:2)
  4 hobgoblins
  7 frilled lizards
  A kobold (D:1)
  6 rats
29 creatures vanquished.

Notes
Turn   | Place    | Note
-------+----------+-------------------------------------------
     0 | D:1      | Gordogan the Ghoul Berserker began the quest for the Orb.
     0 | D:1      | Reached XP level 1. HP: 19/19 MP: 0/0
   232 | D:1      | Reached XP level 2. HP: 23/26 MP: 1/1
   422 | D:1      | You fall through a shaft!
   448 | D:2      | Reached ** piety under Trog
   448 | D:2      | Reached XP level 3. HP: 27/31 MP: 2/2
   565 | D:2      | Noticed Robin
   586 | D:2      | Reached skill level 4 in Unarmed Combat
   587 | D:2      | HP: 1/31 [goblin/+0 club[Robin] (1)]
   591 | D:2      | Slain by a goblin

Skill      XL: |  1  2  3 |
---------------+----------+-----
Unarmed Combat | 4 |  4.0
Fighting       | |  3.6
Throwing       | |  0.3
Armour         | |  1.9
Dodging        | |  1.9
Stealth        | |  0.7

Action                   || total
-------------------------++-------
Melee: Unarmed           ||    69
       Punch             ||     1
Throw: Stone             ||    30
  Use: Scroll            ||     3
 Stab: Sleeping          ||     1
  Eat: Chunk             ||     1
Armor: Animal skin       ||    12
Dodge: Dodged            ||    40
